[ PARTIDA AOE2 · #507996951 ]
UnrankedBúlgaros vs Franks
Equipo del jugador · DERR
Equipo rival · VICT
[ ANÁLISIS DE REPETICIÓN · EXTRAÍDO DE LA PARTIDA GRABADA ]
Feudal
13:31
Castillos
18:20
Imperial
—
| APM promedio | 40.9 |
| APM pico | 102 |
| eAPM promedio | 20.5 |
| Aldeanos / militares | 45 / 72 |
Foco
⚔️ 42.2% · 🌾 57.8%
Konnik ×44 · Militia ×18 · Battering Ram ×10
Feudal
9:18
Castillos
22:06
Imperial
40:25
| APM promedio | 38.2 |
| APM pico | 88 |
| eAPM promedio | 20.8 |
| Aldeanos / militares | 139 / 63 |
Foco
⚔️ 28.5% · 🌾 71.5%
Knight ×42 · Archer ×10 · Scout Cavalry ×3 · Throwing Axeman ×3 · Trebuchet (Packed) ×3 · Monk ×2
Mapa de la partida
Recursos iniciales + cada clic de construcción. Líneas = muros · curvas = relieve. ◆ oro · ⬟ piedra · ● bayas · ✦ reliquia · ◌ hueco del cierre
Tu base· Abierta — flanco sin cerrar
Base de NewNormal· ✓ Cerrada en 22:06 · 50t muro · sin puerta
Terreno inicial suavizado · ◌ = hueco del cierre detectado · pasá el cursor para detalles
Inputs por minuto
— JeanLuc Petard - - NewNormal
Build order — JeanLuc Petard
Primeras 150 de 178 acciones detectadas
| 0:00 | Encolar | Villager (Male) |
| 0:01 | Encolar | Villager (Male) |
| 0:01 | Encolar | Villager (Male) |
| 0:01 | Encolar | Villager (Male) |
| 0:02 | Construir | House |
| 0:03 | Construir | House |
| 1:14 | Encolar | Villager (Male) |
| 1:15 | Encolar | Villager (Male) |
| 2:06 | Encolar | Villager (Male) |
| 2:35 | Encolar | Villager (Male) |
| 2:35 | Encolar | Villager (Male) |
| 2:59 | Encolar | Villager (Male) |
| 3:21 | Encolar | Villager (Male) |
| 3:22 | Encolar | Villager (Male) |
| 3:32 | Construir | House |
| 3:41 | Construir | Barracks |
| 3:52 | Encolar | Villager (Male) |
| 4:17 | Encolar | Villager (Male) |
| 4:18 | Encolar | Villager (Male) |
| 4:18 | Encolar | Villager (Male) |
| 4:44 | Encolar | Militia |
| 4:47 | Encolar | Villager (Male) |
| 5:20 | Encolar | Militia |
| 5:21 | Encolar | Militia |
| 5:40 | Encolar | Militia |
| 5:40 | Encolar | Militia |
| 5:57 | Construir | House |
| 6:30 | Encolar | Villager (Male) |
| 6:31 | Encolar | Villager (Male) |
| 6:31 | Encolar | Villager (Male) |
| 6:50 | Construir | House |
| 7:29 | Construir | House |
| 7:33 | Construir | Palisade Wall |
| 7:36 | Encolar | Villager (Male) |
| 7:36 | Encolar | Villager (Male) |
| 7:36 | Encolar | Villager (Male) |
| 7:37 | Encolar | Villager (Male) |
| 7:51 | Construir | Mill |
| 8:18 | Construir | Palisade Wall |
| 8:24 | Construir | House |
| 8:28 | Construir | Palisade Wall |
| 8:29 | Construir | Palisade Wall |
| 8:49 | Encolar | Villager (Male) |
| 9:19 | Encolar | Villager (Male) |
| 9:19 | Encolar | Villager (Male) |
| 9:20 | Encolar | Villager (Male) |
| 9:55 | Construir | Palisade Wall |
| 10:01 | Construir | Palisade Wall |
| 10:02 | Construir | Palisade Wall |
| 10:18 | Construir | Palisade Wall |
| 10:19 | Construir | Palisade Wall |
| 10:26 | Investigar | Loom |
| 10:38 | Investigar | Feudal Age |
| 10:43 | Construir | Mining Camp |
| 10:50 | Construir | Mining Camp |
| 11:14 | Encolar | Villager (Male) |
| 12:18 | Construir | Lumber Camp |
| 13:31 | Edad | Edad Feudal |
| 13:57 | Construir | Market |
| 14:03 | Construir | Palisade Wall |
| 14:38 | Encolar | Villager (Male) |
| 14:58 | Construir | Blacksmith |
| 15:11 | Construir | Farm |
| 15:24 | Construir | Farm |
| 15:40 | Investigar | Castle Age |
| 15:44 | Construir | Palisade Wall |
| 15:48 | Construir | Palisade Wall |
| 15:52 | Construir | Farm |
| 15:55 | Construir | Farm |
| 16:10 | Construir | Farm |
| 16:13 | Construir | Farm |
| 16:18 | Construir | Palisade Wall |
| 16:36 | Construir | Farm |
| 16:37 | Construir | Farm |
| 16:48 | Construir | Farm |
| 17:12 | Construir | Farm |
| 17:20 | Construir | Farm |
| 17:51 | Construir | Farm |
| 17:57 | Encolar | Villager (Male) |
| 18:20 | Edad | Edad de los Castillos |
| 18:21 | Construir | Krepost |
| 18:39 | Encolar | Villager (Male) |
| 19:09 | Encolar | Konnik |
| 19:09 | Encolar | Konnik |
| 19:32 | Encolar | Konnik |
| 19:58 | Encolar | Konnik |
| 20:33 | Encolar | Konnik |
| 20:34 | Encolar | Konnik |
| 20:52 | Encolar | Konnik |
| 20:52 | Encolar | Konnik |
| 21:00 | Construir | Mining Camp |
| 21:09 | Encolar | Konnik |
| 21:15 | Investigar | Scale Barding Armor |
| 21:58 | Encolar | Konnik |
| 22:16 | Encolar | Konnik |
| 22:17 | Encolar | Villager (Male) |
| 22:42 | Encolar | Konnik |
| 22:42 | Encolar | Konnik |
| 23:25 | Investigar | Chain Barding Armor |
| 23:50 | Encolar | Konnik |
| 24:42 | Encolar | Konnik |
| 24:42 | Encolar | Konnik |
| 25:16 | Investigar | Scale Mail Armor |
| 25:20 | Encolar | Villager (Male) |
| 25:20 | Encolar | Villager (Male) |
| 25:21 | Encolar | Villager (Male) |
| 25:34 | Encolar | Konnik |
| 25:36 | Encolar | Villager (Male) |
| 25:52 | Encolar | Militia |
| 26:15 | Construir | Krepost |
| 26:25 | Encolar | Militia |
| 26:42 | Encolar | Villager (Male) |
| 27:40 | Construir | Mining Camp |
| 27:49 | Investigar | Fletching |
| 28:07 | Encolar | Konnik |
| 28:07 | Encolar | Konnik |
| 28:17 | Encolar | Konnik |
| 28:17 | Encolar | Konnik |
| 28:18 | Encolar | Konnik |
| 28:32 | Construir | Stone Wall |
| 28:54 | Encolar | Konnik |
| 28:55 | Encolar | Konnik |
| 29:16 | Construir | Farm |
| 29:38 | Encolar | Konnik |
| 30:18 | Encolar | Konnik |
| 30:18 | Encolar | Konnik |
| 30:24 | Encolar | Konnik |
| 30:24 | Encolar | Konnik |
| 31:15 | Encolar | Konnik |
| 31:15 | Encolar | Konnik |
| 31:19 | Construir | Siege Workshop |
| 32:15 | Investigar | Bodkin Arrow |
| 32:21 | Encolar | Battering Ram |
| 32:30 | Encolar | Militia |
| 32:31 | Encolar | Militia |
| 32:54 | Encolar | Battering Ram |
| 32:54 | Encolar | Villager (Male) |
| 33:46 | Construir | Mining Camp |
| 34:22 | Encolar | Villager (Male) |
| 34:22 | Encolar | Villager (Male) |
| 34:23 | Encolar | Villager (Male) |
| 34:23 | Encolar | Villager (Male) |
| 34:23 | Encolar | Villager (Male) |
| 34:35 | Encolar | Battering Ram |
| 34:35 | Encolar | Battering Ram |
| 34:54 | Encolar | Militia |
| 35:45 | Encolar | Battering Ram |
| 35:52 | Encolar | Militia |
| 36:11 | Encolar | Konnik |
| 36:11 | Encolar | Konnik |
Build order — NewNormal
Primeras 150 de 286 acciones detectadas
| 0:01 | Encolar | Villager (Male) |
| 0:01 | Encolar | Villager (Male) |
| 0:01 | Encolar | Villager (Male) |
| 0:02 | Construir | House |
| 0:03 | Construir | House |
| 0:06 | Encolar | Villager (Male) |
| 0:06 | Encolar | Villager (Male) |
| 0:06 | Encolar | Villager (Male) |
| 1:40 | Encolar | Villager (Male) |
| 1:40 | Encolar | Villager (Male) |
| 1:40 | Encolar | Villager (Male) |
| 1:55 | Construir | Lumber Camp |
| 2:01 | Encolar | Villager (Male) |
| 2:02 | Encolar | Villager (Male) |
| 2:02 | Encolar | Villager (Male) |
| 2:21 | Encolar | Villager (Male) |
| 2:22 | Encolar | Villager (Male) |
| 2:22 | Encolar | Villager (Male) |
| 2:50 | Encolar | Villager (Male) |
| 2:50 | Encolar | Villager (Male) |
| 2:51 | Encolar | Villager (Male) |
| 3:08 | Encolar | Villager (Male) |
| 3:08 | Encolar | Villager (Male) |
| 3:08 | Encolar | Villager (Male) |
| 3:36 | Encolar | Villager (Male) |
| 3:36 | Encolar | Villager (Male) |
| 3:43 | Construir | House |
| 3:55 | Encolar | Villager (Male) |
| 3:55 | Encolar | Villager (Male) |
| 4:29 | Encolar | Villager (Male) |
| 4:30 | Encolar | Villager (Male) |
| 4:30 | Encolar | Villager (Male) |
| 4:39 | Construir | Mill |
| 4:43 | Encolar | Villager (Male) |
| 4:43 | Encolar | Villager (Male) |
| 4:43 | Encolar | Villager (Male) |
| 5:17 | Encolar | Villager (Male) |
| 5:17 | Encolar | Villager (Male) |
| 5:17 | Encolar | Villager (Male) |
| 5:51 | Investigar | Loom |
| 7:04 | Encolar | Villager (Male) |
| 7:04 | Encolar | Villager (Male) |
| 7:08 | Investigar | Feudal Age |
| 7:52 | Construir | House |
| 7:54 | Construir | House |
| 7:56 | Construir | House |
| 8:24 | Construir | Barracks |
| 9:18 | Edad | Edad Feudal |
| 9:31 | Encolar | Villager (Male) |
| 9:31 | Encolar | Villager (Male) |
| 9:32 | Encolar | Villager (Male) |
| 10:18 | Encolar | Villager (Male) |
| 10:27 | Construir | Archery Range |
| 10:53 | Encolar | Villager (Male) |
| 10:53 | Encolar | Villager (Male) |
| 10:57 | Construir | Mining Camp |
| 11:10 | Encolar | Archer |
| 11:19 | Encolar | Villager (Male) |
| 11:24 | Construir | Farm |
| 11:44 | Encolar | Villager (Male) |
| 11:44 | Encolar | Villager (Male) |
| 11:44 | Encolar | Villager (Male) |
| 12:01 | Encolar | Villager (Male) |
| 12:03 | Encolar | Archer |
| 12:15 | Construir | Farm |
| 12:26 | Encolar | Villager (Male) |
| 12:26 | Encolar | Villager (Male) |
| 12:33 | Encolar | Archer |
| 12:36 | Encolar | Villager (Male) |
| 12:37 | Encolar | Villager (Male) |
| 12:50 | Construir | Farm |
| 12:52 | Construir | Farm |
| 13:01 | Construir | Farm |
| 13:03 | Encolar | Villager (Male) |
| 13:08 | Construir | House |
| 13:18 | Encolar | Archer |
| 13:26 | Encolar | Villager (Male) |
| 13:28 | Construir | Farm |
| 13:37 | Construir | House |
| 13:39 | Construir | Palisade Wall |
| 13:48 | Construir | Palisade Wall |
| 13:58 | Encolar | Archer |
| 14:03 | Investigar | Double-Bit Axe |
| 14:09 | Encolar | Archer |
| 14:18 | Encolar | Villager (Male) |
| 14:18 | Encolar | Villager (Male) |
| 14:36 | Encolar | Villager (Male) |
| 14:43 | Construir | Farm |
| 14:46 | Construir | House |
| 14:47 | Construir | Palisade Wall |
| 14:54 | Encolar | Archer |
| 14:59 | Encolar | Villager (Male) |
| 15:09 | Encolar | Archer |
| 15:24 | Encolar | Villager (Male) |
| 15:26 | Construir | Farm |
| 15:29 | Construir | Farm |
| 15:45 | Encolar | Villager (Male) |
| 16:00 | Construir | Blacksmith |
| 16:04 | Encolar | Archer |
| 16:05 | Encolar | Villager (Male) |
| 16:09 | Construir | House |
| 16:11 | Construir | Palisade Wall |
| 16:29 | Encolar | Archer |
| 16:32 | Encolar | Villager (Male) |
| 16:35 | Construir | House |
| 16:36 | Construir | Palisade Wall |
| 16:37 | Construir | Palisade Wall |
| 16:52 | Encolar | Villager (Male) |
| 16:54 | Investigar | Fletching |
| 16:56 | Construir | Farm |
| 17:01 | Construir | Farm |
| 17:51 | Encolar | Villager (Male) |
| 17:55 | Construir | Market |
| 18:09 | Construir | Farm |
| 18:13 | Construir | Farm |
| 18:37 | Encolar | Villager (Male) |
| 18:42 | Construir | House |
| 19:26 | Investigar | Castle Age |
| 19:47 | Investigar | Gold Mining |
| 19:53 | Construir | Stable |
| 20:01 | Construir | Palisade Wall |
| 20:22 | Construir | House |
| 20:24 | Construir | House |
| 20:30 | Investigar | Scale Barding Armor |
| 20:43 | Construir | Stable |
| 21:04 | Construir | House |
| 21:13 | Investigar | Forging |
| 21:19 | Construir | Farm |
| 21:21 | Construir | Farm |
| 21:31 | Construir | House |
| 21:34 | Construir | House |
| 21:50 | Construir | House |
| 21:54 | Construir | House |
| 22:06 | Edad | Edad de los Castillos |
| 22:08 | Encolar | Knight |
| 22:09 | Encolar | Knight |
| 22:12 | Encolar | Villager (Male) |
| 22:13 | Encolar | Villager (Male) |
| 22:15 | Construir | House |
| 22:18 | Construir | House |
| 22:20 | Construir | House |
| 22:36 | Encolar | Knight |
| 22:37 | Encolar | Knight |
| 22:42 | Encolar | Knight |
| 22:51 | Construir | Monastery |
| 23:01 | Encolar | Knight |
| 23:21 | Encolar | Knight |
| 23:21 | Encolar | Knight |
| 23:22 | Encolar | Villager (Male) ×2 |
| 23:22 | Encolar | Villager (Male) |
Cronología de la partida
| 3:41 | JeanLuc Petard · first_building Barracks |
| 7:33 | JeanLuc Petard · wall_segment Palisade Wall x1 |
| 8:18 | JeanLuc Petard · wall_segment Palisade Wall x1 |
| 8:24 | NewNormal · first_building Barracks |
| 8:28 | JeanLuc Petard · wall_segment Palisade Wall x1 |
| 8:29 | JeanLuc Petard · wall_segment Palisade Wall x1 |
| 9:18 | NewNormal · age_up feudal |
| 9:55 | JeanLuc Petard · wall_segment Palisade Wall x1 |
| 10:01 | JeanLuc Petard · wall_segment Palisade Wall x1 |
| 10:02 | JeanLuc Petard · wall_segment Palisade Wall x1 |
| 10:18 | JeanLuc Petard · wall_segment Palisade Wall x1 |
| 10:19 | JeanLuc Petard · wall_segment Palisade Wall x1 |
| 10:27 | NewNormal · first_building Archery Range |
| 13:31 | JeanLuc Petard · age_up feudal |
| 13:39 | NewNormal · wall_segment Palisade Wall x13 |
| 13:48 | NewNormal · wall_segment Palisade Wall x9 |
| 14:03 | JeanLuc Petard · wall_segment Palisade Wall x1 |
| 14:47 | NewNormal · wall_segment Palisade Wall x5 |
| 15:39 | JeanLuc Petard · first_market_sell 100 stone |
| 15:44 | JeanLuc Petard · wall_segment Palisade Wall x1 |
| 15:48 | JeanLuc Petard · wall_segment Palisade Wall x7 |
| 16:11 | NewNormal · wall_segment Palisade Wall x13 |
| 16:18 | JeanLuc Petard · wall_segment Palisade Wall x10 |
| 16:36 | NewNormal · wall_segment Palisade Wall x4 |
| 16:37 | NewNormal · wall_segment Palisade Wall x5 |
| 18:20 | JeanLuc Petard · age_up castle |
| 18:21 | JeanLuc Petard · first_building Krepost |
| 19:19 | NewNormal · first_market_sell 100 wood |
| 19:23 | NewNormal · first_market_buy 100 food |
| 19:53 | NewNormal · first_building Stable |
| 20:01 | NewNormal · wall_segment Palisade Wall x1 |
| 22:06 | NewNormal · age_up castle |
| 22:51 | NewNormal · first_building Monastery |
| 27:37 | JeanLuc Petard · first_market_buy 100 wood |
| 28:32 | JeanLuc Petard · wall_segment Stone Wall x4 |
| 31:19 | JeanLuc Petard · first_building Siege Workshop |
| 31:33 | NewNormal · first_building Castle |
| 40:25 | NewNormal · age_up imperial |
| 42:29 | JeanLuc Petard · resign |
[ ANÁLISIS IA · 1 CRÉDITO ]
¿Qué pasó realmente en esta partida?
Wolo.gg analiza cada decisión: build order, eco, micro, errores típicos por bracket. Análisis personalizado por WhatsApp o Discord en 30 segundos.
Guía civ
Búlgaros
Perfil
Jugador #21755138